AoeStats
← Mats

Socotra

504820618Analyzed
3v3 RM · 25d ago on Sep 6, 2026· 42m 58s· 6 players
Game mode
Random Map
Map size
128×128
Population
200
Speed
Normal
Resources
Standard
Victory
Conquest
Starting age
Dark Age
Ending age
Imperial Age
RankedLock teamsTeams togetherTeam positionsShared explorationLock speedFull tech treeHidden civsTurbo modeCheats
Victory
Defeat
🇺🇸 Turks · United States
1032
+13
🇨🇱 Byzantines · Chile
1023
+14
🇵🇱 Mongols · Poland
905
+19
🇩🇪 Armenians · Germany
986
-16
🇩🇪 Vietnamese · Germany
983
-16
🇩🇪 Romans · Germany
940
-14
chindro
4:49 Loom
10:56 Feudal Age
11:26 Horse Collar
12:29 Man-at-Arms
14:27 Long Swordsman
23:27 Castle Age
22:39 Double-Bit Axe
22:49 Fletching
23:48 Padded Archer Armor
25:30 Bodkin Arrow
27:03 Leather Archer Armor
30:55 Ballistics
31:16 Forging
37:30 Imperial Age
35:31 Masonry
36:25 Wheelbarrow
38:49 Gold Mining
39:46 Scale Mail Armor
42:44 Bracer
Mats
5:25 Loom
12:14 Feudal Age
13:20 Man-at-Arms
13:56 Horse Collar
16:14 Double-Bit Axe
20:18 Scale Mail Armor
20:29 Forging
25:42 Castle Age
25:23 Fletching
25:33 Padded Archer Armor
27:22 Iron Casting
26:53 Scale Barding Armor
27:07 Chain Mail Armor
27:31 Wheelbarrow
26:59 Heavy Plow
27:14 Bow Saw
26:53 Long Swordsman
28:09 Elite Skirmisher
29:15 Crossbowman
29:57 Squires
32:07 Pikeman
38:54 Imperial Age
38:22 Bodkin Arrow
38:43 Leather Archer Armor
sheepshit
3:43 Loom
11:19 Feudal Age
12:06 Double-Bit Axe
18:24 Fletching
19:09 Horse Collar
19:24 Gold Mining
20:12 Padded Archer Armor
24:43 Castle Age
24:47 Crossbowman
25:25 Bodkin Arrow
25:46 Leather Archer Armor
26:44 Town Watch
28:25 Bow Saw
30:20 Pikeman
38:01 Ballistics
Evasive Species
7:06 Loom
13:16 Feudal Age
14:39 Double-Bit Axe
19:03 Castle Age
17:47 Padded Archer Armor
19:44 Horse Collar
21:26 Husbandry
21:39 Forging
22:40 Bloodlines
22:48 Fletching
26:58 Iron Casting
26:28 Heavy Plow
26:48 Bow Saw
27:33 Gold Mining
28:17 Scale Barding Armor
29:26 Chain Barding Armor
30:50 Bodkin Arrow
33:52 Leather Archer Armor
39:43 Imperial Age
40:25 Bracer
42:26 Conscription
43:29 Blast Furnace
43:08 Ballistics
42:43 Murder Holes
42:29 Treadmill Crane
alexismdo1
3:04 Loom
3:24 Loom
13:34 Feudal Age
18:45 Castle Age
17:28 Stone Mining
19:15 Double-Bit Axe
24:57 Bow Saw
28:56 Wheelbarrow
30:44 Hand Cart
35:56 Horse Collar
40:27 Imperial Age
38:58 Gold Mining
39:44 Stone Shaft Mining
42:12 Chemistry
40:53 Treadmill Crane
41:24 Thumb Ring
40:39 Elite Skirmisher
42:28 Ballistics
malolepszy.adrian
12:09 Feudal Age
13:28 Wheelbarrow
12:45 Double-Bit Axe
15:14 Horse Collar
17:38 Gold Mining
19:31 Stone Mining
24:20 Castle Age
22:39 Fletching
25:16 Thumb Ring
25:09 Crossbowman
26:23 Heavy Plow
29:22 Hand Cart
29:18 Loom
31:55 Bodkin Arrow
32:01 Padded Archer Armor
39:56 Imperial Age
39:12 Leather Archer Armor
Connection lost

Rejoining the realm…

Still unreachable

The connection could not be restored.

Session expired

The server has moved on; the page needs a fresh start.